 Dungeon Crawl Stone Soup version 0.17-a0-18-gc25b939 (webtiles) character file.

1817 Chiseanne the Nimble (level 9, -4/55 HPs)
             Began as an Octopode Fighter on Mar 12, 2015.
             Was an Initiate of Gozag.
             Killed from afar by Maurice (9 damage)
             ... with a wand of frost
             ... on level 8 of the Dungeon.
             The game lasted 00:18:14 (7930 turns).

Chiseanne the Nimble (Octopode Fighter)             Turns: 7930, Time: 00:18:14

Health: -4/55      AC:  1    Str: 20    XL:     9   Next: 10%
Magic:  9/9        EV: 14    Int: 12    God:    Gozag
Gold:   874        SH: 10    Dex: 13    Spells: 0 memorised, 8 levels left

rFire  . . .     SeeInvis .     a - +4 dagger (venom)
rCold  . . .     Clarity  .     c - +0 shield
rNeg   . . .     SustAb   .     (helmet restricted)
rPois  .         Gourm    .     b - amulet of resist mutation
rElec  .         Spirit   .     (no ring)
rCorr  .         Warding  .     (no ring)
rMut   +         Stasis   .     (no ring)
MR     .....                    (no ring)
Stlth  ++........               (no ring)
                                (no ring)
                                (no ring)
                                (no ring)

@: mighty, not resistant to hostile enchantments, unstealthy
A: almost no armour, amphibious, 8 rings, constrict 8, camouflage 1, frail 1,
gelatinous body 1
a: Potion Petition, Call Merchant, Bribe Branch, Renounce Religion


You were on level 8 of the Dungeon.
You worshipped Gozag.
Gozag was noncommittal.
You were not hungry.

You visited 2 branches of the dungeon, and saw 9 of its levels.

You collected 992 gold pieces.
You paid 118 gold pieces to Gozag.

Inventory:

Hand weapons
 a - a +4 dagger of venom (weapon)
 s - a +2 dagger of holy wrath
 w - a +0 blowgun
Missiles
 f - 19 bolts of penetration
 m - 25 bolts
 o - 69 sling bullets
 y - 10 arrows of flame
 C - 14 sling bullets of flame
 E - 20 arrows
 F - 47 poisoned needles
Armour
 c - a +0 shield (worn)
Jewellery
 b - an amulet of resist mutation (around mantle)
Magical devices
 l - a wand of polymorph (4)
Scrolls
 g - 3 scrolls of fear
 i - a scroll of remove curse
 v - 2 scrolls of teleportation
 z - 2 scrolls of amnesia
 A - a scroll of blinking
 D - a scroll of fog
Potions
 j - a potion of brilliance
 n - 2 potions of ambrosia
 r - a potion of berserk rage {unknown}
 t - a potion of flight {unknown}
 B - a potion of haste {unknown}
Comestibles
 p - a meat ration
 x - 2 bread rations
 G - a slice of pizza


   Skills:
 * Level 6.0 Fighting
 - Level 4.2 Short Blades
   Level 2.0 Polearms
 * Level 8.0 Dodging
 * Level 6.2 Shields


You had 8 spell levels left.
You didn't know any spells.

Dungeon Overview and Level Annotations

Branches:
Dungeon (8/15)             Temple (1/1) D:4
   Lair: D:8-11

Altars:
Cheibriados
Dithmenos
Elyvilon
Fedhas
Gozag
Kikubaaqudgha
Makhleb
Okawaru
Qazlal
Ru
Sif Muna
Trog
Vehumet
Xom
Yredelemnul
Zin
The Shining One

Annotations:
D:8 Maurice


Innate Abilities, Weirdness & Mutations

You cannot wear most types of armour.
You are amphibious.
You can wear up to eight rings at the same time.
You can use your tentacles to constrict many enemies at once.
Your skin changes colour to match your surroundings (Stealth).
Your rubbery body absorbs attacks (AC +1).
You are frail (-10% HP).


Message History

You feel better. Something hits you.
* * * LOW HITPOINT WARNING * * *
Something steals your uncursed ring of ice!
Drink which item? (? for menu, Esc to quit)
You feel better.
You hit something.
You hear a zap.
The puff of frost hits you!
* * * LOW HITPOINT WARNING * * *
Drink which item? (? for menu, Esc to quit)
You feel better. Something hits you!
* * * LOW HITPOINT WARNING * * *
Something steals your potion of might!
Drink which item? (? for menu, Esc to quit)
It was a potion of mutation.
You feel extremely strange.
You feel frail.
You hear a zap.
The puff of frost hits you!
You die...
Your body crumbles into a pile of gold.

.... #... #...
##...## .....#
.###.#.#.#########
...<.............#
.###.#.#.#######.#
#(..(.# #@#
###(### #.# #. #.#
# #.# #.# #.# #.#
#.# #.#


There were no monsters in sight!

Vanquished Creatures
  2 ogres
  A phantom (D:6)
  4 giant frogs
  A scorpion (D:5)
  5 killer bees (D:7)
  2 hounds
  4 crimson imps
  A jelly (D:5)
  2 iguanas
  A giant frog zombie (D:7)
  A goliath beetle (D:6)
  Crazy Yiuf (D:6)
  3 orc priests
  4 orc wizards
  A centaur skeleton (D:6)
  Natasha (twice) (D:4)
  5 worker ants
  Jessica (D:3)
  A worker ant zombie (D:6)
  10 adders
  3 gnolls (D:7)
  A giant mite (D:7)
  2 worms
  3 adder skeletons
  An ooze (D:4)
  14 orcs
  7 bats
  4 giant cockroaches
  10 hobgoblins
  21 jackals
  2 quokkas
  A ball python (D:2)
  A giant gecko (D:1)
  4 giant newts
  2 gnoll zombies (D:7)
  12 goblins
  5 kobolds
  A quokka zombie (D:5)
  7 rats
153 creatures vanquished.

Notes
Turn   | Place    | Note
--------------------------------------------------------------
     0 | D:1      | Chiseanne, the Octopode Fighter, began the quest for the Orb.
     0 | D:1      | Reached XP level 1. HP: 16/16 MP: 1/1
    62 | D:1      | Reached XP level 2. HP: 5/21 MP: 2/2
   788 | D:1      | Reached XP level 3. HP: 26/26 MP: 3/3
  1148 | D:2      | Found an ancient bone altar of Kikubaaqudgha.
  1986 | D:3      | Found a stormy altar of Qazlal.
  2013 | D:3      | Noticed Jessica
  2026 | D:3      | Killed Jessica
  2026 | D:3      | Reached XP level 4. HP: 12/33 MP: 4/4
  2298 | D:3      | Reached skill level 1 in Short Blades
  2739 | D:4      | Found a deep blue altar of Sif Muna.
  2757 | D:4      | Reached skill level 4 in Dodging
  2758 | D:4      | Reached XP level 5. HP: 22/37 MP: 5/5
  2766 | D:4      | Identified Sif Muna's Papyrus of Attacks
  3020 | D:4      | Found a staircase to the Ecumenical Temple.
  3027 | Temple   | Entered the Ecumenical Temple
  3040 | Temple   | Became a worshipper of Gozag Ym Sagoz the Greedy
  3307 | D:4      | Reached XP level 6. HP: 22/43 MP: 6/6
  3947 | D:4      | Noticed Natasha
  3956 | D:4      | Killed Natasha
  4120 | D:4      | Noticed Natasha
  4126 | D:4      | Killed Natasha
  4279 | D:5      | Entered Level 5 of the Dungeon
  4303 | D:5      | Reached skill level 5 in Dodging
  4496 | D:5      | Found a radiant altar of Vehumet.
  4816 | D:5      | Reached XP level 7. HP: 16/49 MP: 7/7
  5584 | D:5      | Found a glowing silver altar of Zin.
  5890 | D:6      | Reached skill level 5 in Shields
  5944 | D:6      | Reached skill level 6 in Dodging
  6249 | D:6      | Reached XP level 8. HP: 54/54 MP: 8/8
  6338 | D:6      | Reached skill level 5 in Fighting
  6587 | D:6      | Noticed Crazy Yiuf
  6594 | D:6      | Killed Crazy Yiuf
  6848 | D:7      | Reached skill level 7 in Dodging
  7153 | D:7      | Reached XP level 9. HP: 19/62 MP: 9/9
  7463 | D:7      | Reached skill level 8 in Dodging
  7732 | D:7      | Found a basalt altar of Yredelemnul.
  7895 | D:8      | Noticed Maurice
  7930 | D:8      | Gained mutation: You are frail (-10% HP). [potion of mutation]
  7930 | D:8      | Killed from afar by Maurice

Action                   |  1- 3 |  4- 6 |  7- 9 || total
-------------------------+-------+-------+-------++-------
Melee: Trident           |     7 |       |       ||     7
       Dagger            |    66 |   109 |   204 ||   379
 Fire: Blowgun           |       |       |     4 ||     4
Evoke: Wand              |       |       |     2 ||     2
  Use: Scroll            |       |    10 |     7 ||    17
       Potion            |       |       |     9 ||     9
 Stab: Sleeping          |     1 |     3 |     6 ||    10
       Distracted        |       |     1 |     2 ||     3
  Eat: Chunk             |     3 |     3 |       ||     6
       Pizza             |       |     1 |       ||     1
       Bread ration      |       |     1 |     2 ||     3
       Royal jelly       |       |       |     1 ||     1
